 Dungeon Crawl Stone Soup version 0.18.1-48-g4cf74bf (webtiles) character file.

137 Darguel the Conjurer (level 5, 0/28 HPs)
             Began as a Tengu Air Elementalist on July 23, 2016.
             Slain by a river rat (8 damage)
             ... on level 3 of the Dungeon.
             The game lasted 00:10:20 (2869 turns).

Darguel the Conjurer (Tengu Air Elementalist)       Turns: 2869, Time: 00:10:21

Health: 0/28       AC:  2    Str:  9    XL:     5   Next: 20%
Magic:  6/9        EV: 15    Int: 16    God:
Gold:   23         SH:  0    Dex: 14    Spells: 4 memorised, 1 level left

rFire  . . .     SeeInvis .     d - +4 dagger (drain)
rCold  . . .     Gourm    .     a - +0 robe
rNeg   . . .     Faith    .     (no shield)
rPois  .         Spirit   .     (helmet restricted)
rElec  .         Dismiss  .     (no cloak)
rCorr  .         Reflect  .     (no gloves)
SustAt .         Harm     .     (boots unavailable)
MR     .....                    (no amulet)
Stlth  ++........               (no ring)
                                (no ring)

@: flying quickly and evasively, repel missiles, quick, not resistant to hostile
enchantments, unstealthy
A: beak, talons 3, able to fly 1
a: no special abilities


You were on level 3 of the Dungeon.
You were not hungry.

You visited 1 branch of the dungeon, and saw 3 of its levels.

You collected 23 gold pieces.

Inventory:

Hand Weapons
 d - a +4 dagger of draining (weapon)
 v - a +3 whip
Missiles
 s - 7 tomahawks (quivered)
Armour
 a - a +0 robe (worn)
Jewellery
 q - a cursed ring of flight {unknown}
Scrolls
 f - 4 scrolls of identify {unknown}
 g - 4 scrolls of remove curse {unknown}
 i - 3 scrolls of amnesia {unknown}
 l - a scroll of recharging {unknown}
 n - 2 scrolls of fear {unknown}
 r - a scroll of teleportation {unknown}
 t - a scroll of enchant armour {unknown}
Potions
 e - a potion of berserk rage {unknown}
 h - 2 potions of cancellation {unknown}
 k - 2 potions of curing {unknown}
 m - a potion of degeneration {unknown}
 o - 2 potions of heal wounds {unknown}
 p - a potion of flight {unknown}
 u - a potion of cure mutation {unknown}
Books
 b - a book of Air

   Spells                             Type                      Level
   a - Shock                          Conjuration/Air              1
   b - Swiftness                      Charms/Air                   2
   c - Repel Missiles                 Charms/Air                   2
   d - Static Discharge               Conjuration/Air              3
   e - Lightning Bolt                 Conjuration/Air              5
Comestibles
 c - 2 bread rations
 j - a slice of pizza
 w - 2 chunks of flesh


   Skills:
 - Level 2.1 Dodging
 - Level 2.0 Stealth
 + Level 2.6 Spellcasting
 + Level 5.0 Conjurations
 + Level 5.0 Air Magic


You had one spell level left.
You knew the following spells:

 Your Spells              Type           Power        Failure   Level  Hunger
a - Shock                 Conj/Air       ###.         2%          1    #......
b - Repel Missiles        Chrm/Air       ##....       12%         2    ##.....
c - Swiftness             Chrm/Air       ##......     12%         2    ##.....
d - Static Discharge      Conj/Air       ###.....     10%         3    ###....


Dungeon Overview and Level Annotations

Branches:
Dungeon (3/15)

Altars:

Annotations:
D:3 rastmirit's ghost, amateur HuFi


Innate Abilities, Weirdness & Mutations

You have a beak for a mouth.
You have claws for feet.
You can fly.


Message History

Your unstable footing causes you to fumble your attack.
The river rat bites you.
You closely miss the river rat.
You claw the river rat, but do no damage.
The river rat bites you.
Casting: Shock
Confirm with . or Enter, or press ? or * to list all spells.
Aiming: Shock
Press: ? - help, Shift-Dir - straight line The zap hits the river rat.
The river rat is heavily wounded.
The river rat bites you! The river rat closely misses you.
The river rat bites you. The river rat misses you. The river rat bites you.
* * * LOW HITPOINT WARNING * * *
You swoop lightly up into the air.
You feel very comfortable in the air.
You feel somewhat more hungry. The river rat bites you!
You die...

.##.##.###...###
.##.##.#)......#
....##.#.##.##.#
.###>...###.##.###
.......##≈######≈##
#.....##≈≈≈≈≈≈≈≈≈≈#
#..###.#≈≈≈####≈≈≈#
#.# ####≈# ##r## #.
#≈ #@# # # #≈#
##÷## #≈≈≈# #≈≈≈#
######≈## >.[
###...##.####.##
#..............#
#......#####...###


You could see a river rat.

Vanquished Creatures
  6 adders
  An ooze (D:1)
  3 worms (D:2)
  3 dart slugs
  A giant gecko (D:3)
  An orc (D:3)
  10 bats
  A giant cockroach (D:3)
  9 goblins
  7 hobgoblins
  3 jackals (D:1)
  2 ball pythons (D:1)
  5 giant newts
  6 kobolds
  8 rats
66 creatures vanquished.

Notes
Turn   | Place    | Note
--------------------------------------------------------------
     0 | D:1      | Darguel the Tengu Air Elementalist began the quest for the Orb.
     0 | D:1      | Reached XP level 1. HP: 10/10 MP: 4/4
    97 | D:1      | Reached XP level 2. HP: 15/15 MP: 0/6
   172 | D:1      | Learned a level 2 spell: Repel Missiles
   175 | D:1      | Learned a level 2 spell: Swiftness
   440 | D:1      | Reached XP level 3. HP: 17/19 MP: 3/7
  1412 | D:2      | Reached XP level 4. HP: 24/24 MP: 3/8
  2391 | D:2      | Gained mutation: You can fly. [Tengu growth]
  2391 | D:2      | Reached XP level 5. HP: 28/28 MP: 6/9
  2566 | D:3      | Reached skill level 5 in Conjurations
  2570 | D:3      | Reached skill level 5 in Air Magic
  2575 | D:3      | Learned a level 3 spell: Static Discharge
  2598 | D:3      | Noticed rastmirit's ghost (amateur HuFi)
  2869 | D:3      | Slain by a river rat

Skill      XL: |  1  2  3  4  5 |
---------------+----------------+-----
Conjurations   | 2 3 4 5 |  5.0
Air Magic      | 5 |  5.0
Dodging        | |  2.1
Stealth        | |  2.0
Spellcasting   | |  2.6

Action                   |  1- 3 |  4- 6 || total
-------------------------+-------+-------++-------
Melee: Dagger            |     8 |    22 ||    30
       Kick              |     1 |     1 ||     2
       Peck              |       |     2 ||     2
 Cast: Shock             |    61 |    56 ||   117
       Repel Missiles    |     1 |       ||     1
 Abil: Fly               |       |     2 ||     2
 Stab: Sleeping          |       |     1 ||     1
  Eat: Chunk             |     3 |     5 ||     8
Armor: Robe              |     4 |     7 ||    11
Dodge: Dodged            |    21 |    21 ||    42
